 Dungeon Crawl Stone Soup version 0.31-a0-234-gad7ace16ef (webtiles) character file.

Game seed: 10420303933659147889

334 Morbidden the Gusty (level 6, -13/48 HPs)
             Began as a Draconian Air Elementalist on July 10, 2023.
             Mangled by a kobold brigand
             ... wielding a +2 dagger of electrocution
              (19 damage)
             ... in a sewer.
             The game lasted 00:04:01 (3723 turns).

Morbidden the Gusty (Draconian Air Elementalist)    Turns: 3723, Time: 00:04:02

Health: -13/48     AC:  7    Str: 10    XL:     6   Next: 27%
Magic:  3/10       EV: 12    Int: 18    God:
Gold:   171        SH:  0    Dex: 11    Spells: 8/11 levels left

rFire   . . .        a - +4 short sword
rCold   . . .        (no shield)
rNeg    . . .        (body armour unavailable)
rPois   .            (helmet restricted)
rElec   .            (no cloak)
rCorr   .            n - +0 pair of gloves
SInv    .            (no boots)
Will    .....        (no amulet)
Stlth   ++           (no ring)
HPRegen 0.28/turn    (no ring)
MPRegen 0.12/turn

%: no passive effects
@: lethally poisoned (-13 -> -16)
A: AC +6, unfitting armour, cold-blooded
a: no special abilities


You were in a sewer.
You visited 1 branch of the dungeon, and saw 4 of its levels.
You also visited: Sewer.

You collected 171 gold pieces.

Inventory:

Hand Weapons
 a - a +4 short sword (weapon)
 q - a +0 dagger of draining
Armour
 n - a +0 pair of gloves (worn)
Scrolls
 c - a scroll of enchant armour {unknown}
 d - a scroll of teleportation
 g - 2 scrolls of identify
 i - 2 scrolls of vulnerability
 j - a scroll of revelation
 k - a scroll of acquirement {unknown}
 l - a scroll of immolation {unknown}
 o - a scroll of fear
 r - a scroll of fog {unknown}
Potions
 b - 5 potions of resistance {unknown}
 e - a potion of attraction {unknown}
 f - 4 potions of brilliance {unknown}
 h - 2 potions of haste {unknown}
 m - 4 potions of magic
 p - 2 potions of heal wounds {unknown}
 s - 2 potions of might {unknown}
 t - a potion of invisibility {unknown}


   Skills:
 * Level 1.9 Fighting
 * Level 1.0 Short Blades
 * Level 2.6 Dodging
 + Level 2.1 Stealth
 * Level 1.4 Unarmed Combat
 * Level 3.3 Spellcasting
 * Level 2.7 Conjurations
 * Level 4.1 Air Magic


You had 8 spell levels left.
You knew the following spells:

 Your Spells              Type           Power      Damage    Failure   Level
a - Shock                 Conj/Air       60%        1d6       3%          1
b - Static Discharge      Conj/Air       30%        2-4/arc   6%          2

Your spell library contained the following spells:

 Spells                   Type           Power      Damage    Failure   Level
 Swiftness                Air            18%        N/A       9%          3
 Summon Small Mammal      Summ           8%         N/A       16%         1
 Airstrike                Air            9%         2d(2-18)  28%         4
 Call Canine Familiar     Summ           2%         N/A       43%         3
 Summon Guardian Golem    Hex/Summ       2%         N/A       43%         3


Dungeon Overview and Level Annotations

Branches:
Dungeon (4/15)              Sewer (1/1)
 Temple: D:4-7

Altars:
Elyvilon

Shops:
D:1 [


Innate Abilities, Weirdness & Mutations

Your plain brown scales are hard. (AC +6)
You cannot fit into any form of body armour.
You are cold-blooded and may be slowed by cold attacks.


Message History

Okay, then.
Throw: dart (curare)
Press: ? - help, Q - select action, (/) - cycle Shift-Dir - straight line, f/p - kobold brigand
Aim: a kobold brigand, wielding a +2 dagger of electrocution and quivering poisoned darts (lightly wounded, 45% to hit)
You throw a curare-tipped dart.
The curare-tipped dart closely misses the kobold brigand.
You feel very sick.
Unknown command.
Casting: Shock (safe; 3% risk of failure)
Confirm with . or Enter, or press ? or * to list all spells.
Aiming: Shock (safe; 3% risk of failure)
Press: ? - help, Shift-Dir - straight line, f/p - kobold brigand
Aim: a kobold brigand, wielding a +2 dagger of electrocution and quivering poisoned darts (lightly wounded, 64% to hit)
The zap hits the kobold brigand.
The kobold brigand is moderately wounded.
You feel sick.
Unknown command.
Casting: Shock (safe; 3% risk of failure)
Confirm with . or Enter, or press ? or * to list all spells.
The kobold brigand is struck by an arc of lightning.
The kobold brigand is moderately wounded.
You are struck by an arc of lightning.
The lightning grounds out.
You feel sick. The kobold brigand misses you.
You feel sick.
The kobold brigand hits you with a +2 dagger of electrocution.
Unknown command.
Unknown command.
Casting: Static Discharge (safe; 6% risk of failure)
Confirm with . or Enter, or press ? or * to list all spells.
The kobold brigand is struck by an arc of lightning.
The kobold brigand is heavily wounded.
You are struck by an arc of lightning.
The kobold brigand is struck by an arc of lightning.
The kobold brigand is severely wounded.
The lightning grounds out.
You feel sick. The kobold brigand barely misses you.
You feel sick.
The kobold brigand hits you with a +2 dagger of electrocution!
* * * LOW HITPOINT WARNING * * *
You are electrocuted!!
You die...

##### # ##..~##
###.# #####~~...#
... ~~~†~.~...# !..
#####....~# .!~ #
##.~.## #(# ##~##
#.# #~# #K# #~# #@#
##~## ##.## #
##~..## ##~..##
#####...~.####....~#
≈≈≈≈≈~~...≈≈≈≈.~.~.#
#####.....####..~~~#
# ##.~~## ##...##
##≈## ##~## #≈# #~#


You could see a kobold brigand.

Vanquished Creatures
  A kobold brigand (Sewer)
  A bullfrog (D:4)
  A hound (D:2)
  3 adders
  4 gnolls (D:3)
  2 river rats (Sewer)
  3 worms (Sewer)
  A dart slug (D:1)
  An orc (D:4)
  5 ball pythons
  8 endoplasms
  3 giant cockroaches
  6 goblins
  4 hobgoblins
  5 jackals
  5 quokkas (D:4)
  3 bats
  4 frilled lizards
  10 kobolds
  5 rats
75 creatures vanquished.

Notes
Turn   | Place    | Note
-------+----------+-------------------------------------------
     0 | D:1      | Morbidden the Draconian Air Elementalist began the quest
                  | for the Orb.
     0 | D:1      | Reached XP level 1. HP: 14/14 MP: 3/3
   363 | D:1      | Reached XP level 2. HP: 14/20 MP: 1/5
   495 | D:1      | Learned a level 2 spell: Static Discharge
   537 | D:1      | Found Ygozesh's Antique Armour Emporium.
  1233 | D:2      | Reached XP level 3. HP: 26/26 MP: 3/6
  1311 | D:2      | Found a white marble altar of Elyvilon.
  1804 | D:2      | Reached XP level 4. HP: 32/34 MP: 7/7
  2364 | D:3      | Reached skill level 1 in Fighting
  2526 | D:3      | Found a faded altar of an unknown god.
  2571 | D:3      | Reached skill level 1 in Unarmed Combat
  2903 | D:4      | Noticed a bullfrog
  2910 | D:4      | Killed a bullfrog
  2911 | D:4      | Reached skill level 4 in Air Magic
  2911 | D:4      | Reached XP level 5. HP: 34/40 MP: 1/9
  2980 | D:4      | Found a glowing drain.
  3012 | Sewer    | Entered a sewer
  3512 | Sewer    | Reached skill level 1 in Short Blades
  3512 | Sewer    | Reached XP level 6. HP: 22/48 MP: 1/10
  3723 | Sewer    | Mangled by a kobold brigand

Illustrated notes

Levels and vault maps discovered:
D:1:      shiori_arrival_elements, layout_loops_cross, serial_glass,
          glass_columns_b, glass_columns_c, feat_on_display,
          minmay_strange_pillars, item_on_display_a, minmay_strange_pillars,
          serial_shops, shop
D:2:      layout_basic, basic_altar
D:3:      layout_loops_ring, ebering_ecumenical_altar_sacrificial
D:4:      layout_cave_pools, gup_sewer_entry_pipe
Sewer:    sewer_co_15_rooms

Skill      XL: |  1  2  3  4  5 |
---------------+----------------+-----
Dodging        | 2 |  2.6
Stealth        | 2 |  2.1
Conjurations   | 2 |  2.7
Fighting       | 1 |  1.9
Unarmed Combat | 1 |  1.4
Air Magic      | 4 |  4.1
Spellcasting   | 3 |  3.3
Short Blades   | 1 |  1.0

Action                     |  1- 3 |  4- 6 || total
---------------------------+-------+-------++-------
  Melee: Unarmed           |    75 |       ||    75
         Tailslap          |     7 |     7 ||    14
         Short sword       |     3 |    55 ||    58
  Throw: Dart              |       |     1 ||     1
   Cast: Shock             |    57 |   101 ||   158
         Static Discharge  |     1 |     4 ||     5
    Use: Scroll            |       |     5 ||     5
 Armour: Skin              |    35 |    13 ||    48
  Dodge: Dodged            |    62 |    43 ||   105

Table legend: (Time is in decaauts)
 A = Elapsed time spent in this place.
 B = Non-inter-level travel time spent in this place.
 C = Inter-level travel time spent in this place.
 D = Time resting spent in this place.
 E = Time spent auto-exploring this place.
 F = Levels seen in this place.
 G = Mean time per level.
                   A        B        C        D        E       F      G
               +--------+--------+--------+--------+--------+-----+--------+
         Total |   3785 |   3688 |     97 |    237 |   2837 |   5 |  757.0 |
       Dungeon |   3015 |   2918 |     97 |    237 |   2180 |   4 |  753.8 |
         Sewer |    769 |    769 |      0 |      0 |    656 |   1 |  769.0 |
               +--------+--------+--------+--------+--------+-----+--------+

Top non-repeatable levels by time:
     D:3: 1038 daAuts
     D:1: 997 daAuts
     D:2: 866 daAuts
   Sewer: 769 daAuts
     D:4: 112 daAuts
